AoeStats
← DS_Kvothe

Arabian Desert

510186154Analyzed
1v1 RM · 3d ago on Sep 29, 2026· 48m 9s· 2 players
Game mode
Random Map
Map size
Tiny (2 player)
Population
200
Speed
Normal
Resources
Standard
Victory
Conquest
Starting age
Dark Age
Ending age
Imperial Age
RankedLock teamsTeams togetherTeam positionsShared explorationLock speedFull tech treeHidden civsTurbo modeCheats
Victory
Defeat
🇩🇰 Danes · Denmark
1887
+18
🇦🇷 Lithuanians · Argentina
1933
-18
DK | MF
8:48 Feudal Age
8:52 Man-at-Arms
10:13 Double-Bit Axe
10:37 Town Watch
10:52 Loom
20:29 Castle Age
18:38 Horse Collar
19:05 Fletching
19:47 Padded Archer Armor
21:14 Bodkin Arrow
20:43 Crossbowman
24:58 Ballistics
26:53 Leather Archer Armor
29:01 Wheelbarrow
32:46 Scale Barding Armor
32:46 Scale Mail Armor
32:57 Forging
33:41 Heavy Plow
34:15 Chain Mail Armor
34:46 Bow Saw
39:12 Imperial Age
36:32 Gambesons
39:50 Iron Casting
41:53 Bracer
43:17 Chemistry
43:03 Thumb Ring
44:27 Conscription
43:48 Light Cavalry
44:39 Bloodlines
44:35 Scale Barding Armor
46:57 Ring Archer Armor
47:11 Chain Barding Armor
DS_Kvothe
8:27 Feudal Age
6:44 Loom
8:55 Double-Bit Axe
9:18 Horse Collar
18:24 Padded Archer Armor
21:41 Castle Age
20:00 Fletching
21:48 Gold Mining
21:49 Elite Skirmisher
22:25 Bodkin Arrow
22:45 Leather Archer Armor
25:53 Wheelbarrow
25:03 Town Watch
26:48 Bow Saw
28:05 Scale Barding Armor
28:11 Forging
28:20 Bloodlines
31:04 Chain Barding Armor
34:01 Husbandry
35:21 Forging
40:56 Imperial Age
41:42 Caravan
42:32 Plate Barding Armor
42:30 Masonry
42:41 Ballistics
43:42 Bracer
44:24 Cavalier
47:25 Ring Archer Armor
47:30 Iron Casting
46:38 Cavalier
Connection lost

Rejoining the realm…

Still unreachable

The connection could not be restored.

Session expired

The server has moved on; the page needs a fresh start.